 Dungeon Crawl Stone Soup version 0.13.0-29-gdb529de (webtiles) character file.

18537 Lilouch the Conjurer (level 12, -4/59 HPs)
             Began as a Deep Elf Fire Elementalist on Nov 8, 2013.
             Was a Priest of Kikubaaqudgha.
             Slain by Rupert
             ... wielding a +4,+4 battleaxe of electrocution
              (6 damage)
             ... on Level 4 of the Lair of Beasts on Nov 9, 2013.
             The game lasted 03:23:49 (19303 turns).

Lilouch the Conjurer (Deep Elf Fire Elementalist)  Turns: 19303, Time: 03:23:50

HP  -4/59        AC  8     Str  5      XL: 12   Next: 19%
MP  15/33        EV 14     Int 27      God: Kikubaaqudgha [***...]
Gold 1005        SH  0     Dex 17      Spells:  9 memorised,  5 levels left

Res.Fire  : . . .   See Invis. : +   G - +9,+10 battleaxe of Midnight {venom, +Inv Int+1}
Res.Cold  : . . .   Warding    : .   l - +3 leather armour {rPois}
Life Prot.: . . .   Conserve   : .   (no shield)
Res.Poison: +       Res.Corr.  : .   B - +0 mask of the Dragon {MR+ Acc+3 Dam+3 SInv}
Res.Elec. : .       Clarity    : .   e - +1 cloak
Sust.Abil.: . .     Spirit.Shd : .   (no gloves)
Res.Mut.  : .       Stasis     : .   (no boots)
Res.Rott. : .       Flight     : .   (no amulet)
Saprovore : . . .                    I - +4 ring of evasion
                                     E - +2 ring of dexterity

@: quite resistant to hostile enchantments, very stealthy
A: no striking features
a: Receive Corpses, Renounce Religion, Evoke Invisibility


You were on level 4 of the Lair of Beasts.
You worshipped Kikubaaqudgha.
Kikubaaqudgha was most pleased with you.
You were not hungry.

You visited 3 branches of the dungeon, and saw 16 of its levels.
You also visited: Labyrinth and Volcano.

You collected 985 gold pieces.

Inventory:

Hand weapons
 G - the +9,+10 battleaxe of Midnight (weapon) {venom, +Inv Int+1}
   (You found it on level 11 of the Dungeon)

   It poisons the flesh of those it strikes.
   It affects your intelligence (+1).
   It lets you turn invisible.
 H - a +1,+2 orcish morningstar of protection
Missiles
 u - 10 darts of frost (quivered)
Armour
 e - a +1 cloak (worn)
 l - a +3 leather armour of poison resistance (worn)
 r - a +1 buckler of protection
 B - the +0 mask of the Dragon (worn) {MR+ Acc+3 Dam+3 SInv}
   (You found it on level 8 of the Dungeon)

   It affects your accuracy (+3).
   It affects your damage-dealing abilities (+3).
   It affects your resistance to hostile enchantments.
   It enhances your eyesight.
Magical devices
 g - a wand of disintegration (0)
 i - a wand of fire (2)
Comestibles
 c - an apple
 m - 4 chunks of agate snail flesh
 s - a chunk of giant frog flesh
 t - a choko
Scrolls
 a - a scroll of blinking
 d - a scroll of identify
 f - a scroll of vulnerability {unknown}
 h - 6 scrolls of teleportation
 j - 2 scrolls of fear
 n - 2 scrolls of remove curse
 o - 2 scrolls of enchant armour
 v - a scroll of recharging {unknown}
Jewellery
 b - an uncursed ring of see invisible {unknown}
 k - an uncursed ring of positive energy {unknown}
 E - a +2 ring of dexterity (left hand)
 I - a +4 ring of evasion (right hand)
Potions
 A - 2 potions of curing
 F - a potion of flight
Books
 p - Kikubaaqudgha's Catalogue of Stolen Souls
   (Kikubaaqudgha gifted it to you on level 3 of the Lair of Beasts)

   Spells                             Type                      Level
   Animate Dead                       Necromancy                   4
   Agony                              Necromancy                   5
   Dispel Undead                      Necromancy                   5
   Twisted Resurrection               Necromancy                   5
   Death Channel                      Necromancy                   6
Magical staves
 Q - an uncursed staff of wizardry
Miscellaneous
 q - a stone of tremors


   Skills:
 - Level 4.0 Armour
 - Level 2.4 Dodging
 - Level 10.3 Stealth
 + Level 11.7 Spellcasting
 - Level 11.7 Conjurations
 - Level 11.4 Fire Magic
 + Level 5.8 Evocations


You had 5 spell levels left.
You knew the following spells:

 Your Spells              Type           Power        Failure   Level  Hunger
a - Flame Tongue          Conj/Fire      #####        1%          1    None
b - Conjure Flame         Conj/Fire      ######..     1%          3    None
c - Sticky Flame          Conj/Fire      ######..     1%          4    None
d - Throw Flame           Conj/Fire      ######       1%          2    None
e - Fireball              Conj/Fire      ######....   1%          5    ##.....
f - Iron Shot             Conj/Erth      #####.....   58%         6    #####..
g - Regeneration          Chrm/Necr      ###.......   14%         3    None
h - Dig                   Erth           ###.....     41%         4    None
i - Animate Skeleton      Necr           N/A          4%          1    None


Dungeon Overview and Level Annotations

Branches:
Dungeon (11/27)            Temple (1/1) D:6            Lair (4/8) D:11
  Swamp (0/5) Lair:3       Spider (0/5) Lair:3
    Orc: D:6-11

Altars:
Ashenzari
Cheibriados
Elyvilon
Fedhas
Kikubaaqudgha
Makhleb
Okawaru
Sif Muna
Trog
Yredelemnul
the Shining One

Annotations:
Lair:4 Rupert


Message History

Confirm with . or Enter, or press ? or * to list all spells.
Aiming: Sticky Flame
Press: ? - help, Shift-Dir - straight line, f/p - Rupert
Aim: Rupert, wielding a glowing battleaxe and wearing a leather armour (flame, heavily wounded, berserk, covered in liquid flames)
The sticky flame hits Rupert.
Rupert is heavily wounded.
Rupert burns!
Rupert is engulfed in roaring flames.
Rupert hits you with a glowing battleaxe!
Ouch! That really hurt!
You are electrocuted!
* * * LOW HITPOINT WARNING * * *
Rupert burns!
Rupert is engulfed in roaring flames.
Rupert barely misses you.
Rupert burns!
Rupert burns!
Rupert closely misses you.
Rupert burns!
Rupert burns!
Rupert burns!
Rupert hits you with a battleaxe of electrocution.
You die...
Kikubaaqudgha rasps: "You have failed me!
Welcome... death!"

.....# ##.## #...#......
....## ### ##ยง.# ##..
.....#### #### #.#### # .
.....##.###.##f##..PP#.#
.....#....#..#........##
..#.........###.....#..#.
###.##f###...#.......##...
....###...#####@.##.....#.
...## #....####@.P.......
#.. #.....##.....#.#P..
..# #.............###. ..
..#......##f....##..# #.
...........#..P......#
........##%....#.#..##
........###.....##P.#
..#...###......# ..#P..
#.........#


You could see Rupert (berserk).

Vanquished Creatures
  A minotaur (Lab)
  A hydra (Lair:3)
  Nergalle (Lair:1)
  A hill giant (D:10)
  4 spiny frogs
  Psyche (D:10)
  A guardian mummy (Volcano)
  A fire drake (Lair:2)
  3 komodo dragons
  2 trolls (D:10)
  3 blink frogs (Lair:2)
  4 vampires (Volcano)
  2 wyverns
  2 flying skulls (Volcano)
  4 hippogriffs
  A hill giant zombie (D:8)
  A shadow (D:10)
  5 hill giant skeletons
  2 manticores
  A necrophage (D:10)
  8 porcupines
  2 orc warriors
  4 sky beasts
  3 phantoms
  4 ogres
  7 centaurs
  5 ice beasts
  2 wargs (D:11)
  3 giant slugs
  Duvessa (D:6)
  4 crocodiles
  5 water moccasins
  Blork the orc (D:6)
  6 agate snails
  6 giant frogs
  A manticore skeleton (Volcano)
  4 wights (D:9)
  A hippogriff zombie (D:8)
  An eye of draining (D:8)
  6 goliath beetles
  Dowan (D:6)
  5 jellies
  A centaur zombie (D:9)
  2 centaur skeletons
  5 crimson imps
  Crazy Yiuf (D:7)
  4 orc priests
  13 hounds
  8 spiders (Lair:3)
  7 worker ants
  4 orc wizards
  2 two-headed ogre skeletons
  8 iguanas
  6 orange rats (Lair:3)
  A sheep (Lair:4)
  Ijyb (D:3)
  Jessica (D:3)
  A hound zombie (D:7)
  3 ogre skeletons
  A mummy (Volcano)
  2 naga skeletons (Volcano)
  A worker ant zombie (D:8)
  14 adders
  7 gnolls (D:5)
  A steam dragon zombie (D:9)
  An inept feature mimic (D:2)
  8 giant centipedes
  An inept item mimic (D:3)
  A giant mite (D:4)
  8 green rats (Lair:3)
  7 worms
  A giant eyeball (D:6)
  4 giant geckos
  An ooze (D:3)
  31 orcs
  13 bats
  6 giant cockroaches
  2 goblins
  18 hobgoblins
  19 jackals
  A ball python (D:1)
  7 giant newts
  A giant spore (D:8)
  9 kobolds
  A kobold skeleton (D:7)
  A kobold zombie (D:8)
  2 orc skeletons
  6 quokkas
  A quokka zombie (D:8)
  19 rats
  6 spectral orcs (Lair:1)
  2 ballistomycetes (D:8)
  A bush (D:7)
  A fungus (D:7)
  A plant (Lair:1)
395 creatures vanquished.

Vanquished Creatures (collateral kills)
  A hydra (Lair:2)
  A giant frog (Lair:2)
2 creatures vanquished.

Vanquished Creatures (others)
  A lindwurm skeleton (Volcano)
  A hippogriff skeleton (Lair:2)
2 creatures vanquished.

Grand Total: 399 creatures vanquished

Notes
Turn   | Place    | Note
--------------------------------------------------------------
     0 | D:1      | Lilouch, the Deep Elf Fire Elementalist, began the quest for the Orb.
     0 | D:1      | Reached XP level 1. HP: 10/10 MP: 4/4
     2 | D:1      | Noticed a giant goldfish
   298 | D:1      | Reached XP level 2. HP: 12/15 MP: 1/6
  1032 | D:2      | Reached XP level 3. HP: 19/19 MP: 1/9
  1247 | D:2      | Learned a level 3 spell: Conjure Flame
  1254 | D:2      | Found a bloodstained altar of Trog.
  1338 | D:2      | Reached skill level 4 in Fire Magic
  1567 | D:2      | Reached XP level 4. HP: 15/24 MP: 2/13
  2275 | D:3      | Noticed Ijyb
  2285 | D:3      | Learned a level 4 spell: Sticky Flame
  2288 | D:3      | Learned a level 2 spell: Throw Flame
  2309 | D:3      | Killed Ijyb
  2309 | D:3      | Reached skill level 5 in Fire Magic
  2459 | D:3      | Noticed Jessica
  2465 | D:3      | Killed Jessica
  2465 | D:3      | Reached XP level 5. HP: 28/28 MP: 4/17
  3155 | D:4      | Reached skill level 5 in Spellcasting
  3449 | D:4      | Reached XP level 6. HP: 32/32 MP: 5/20
  3659 | D:4      | Noticed an ogre
  3667 | D:4      | Killed an ogre
  4075 | D:5      | Entered Level 5 of the Dungeon
  4079 | D:4      | Reached skill level 6 in Spellcasting
  4160 | D:5      | Found a snail-covered altar of Cheibriados.
  4203 | D:5      | Reached XP level 7. HP: 36/36 MP: 13/23
  4408 | D:5      | Reached skill level 7 in Spellcasting
  4408 | D:5      | Reached skill level 5 in Conjurations
  4730 | D:5      | Gained mutation: You have a pair of small horns on your head. [mutagenic meat]
  4774 | D:5      | Reached skill level 8 in Spellcasting
  4787 | D:5      | Gained mutation: You have a pair of horns on your head. [potion of beneficial mutation]
  4967 | D:5      | Learned a level 5 spell: Fireball
  5015 | D:6      | Noticed Blork the orc
  5211 | D:5      | Reached XP level 8. HP: 41/41 MP: 16/26
  5532 | D:6      | Killed Blork the orc
  5662 | D:6      | Noticed Duvessa
  5662 | D:6      | Noticed Dowan
  5671 | D:6      | Killed Duvessa
  5684 | D:6      | Killed Dowan
  6270 | D:6      | Found a deep blue altar of Sif Muna.
  6326 | D:6      | Found a staircase to the Ecumenical Temple.
  6336 | Temple   | Entered the Ecumenical Temple
  6354 | Temple   | Became a worshipper of Kikubaaqudgha
  7021 | D:7      | Reached XP level 9. HP: 45/45 MP: 15/27
  7245 | D:7      | Noticed Crazy Yiuf
  7248 | D:7      | Killed Crazy Yiuf
  7656 | D:7      | Found a basalt altar of Yredelemnul.
  7656 | D:7      | Found a glowing golden altar of the Shining One.
  7657 | D:7      | Noticed a profane servitor
  7702 | D:7      | Noticed an angel
  7978 | D:8      | Reached skill level 9 in Conjurations
  8338 | D:9      | Acquired Kikubaaqudgha's first power
  8338 | D:9      | Received a gift from Kikubaaqudgha
  8341 | D:9      | Identified Kikubaaqudgha's Handbook of Unholy Rites (Kikubaaqudgha gifted it to you on level 9 of the Dungeon)
  8349 | D:9      | Learned a level 6 spell: Iron Shot
  8970 | D:8      | Reached skill level 10 in Conjurations
  9228 | D:8      | Reached skill level 10 in Fire Magic
  9510 | D:8      | Reached XP level 10. HP: 50/50 MP: 12/29
 10484 | D:9      | Learned a level 3 spell: Regeneration
 10597 | D:10     | Entered Level 10 of the Dungeon
 10737 | D:10     | Reached skill level 5 in Stealth
 11014 | D:10     | Acquired Kikubaaqudgha's second power
 11276 | D:10     | Noticed a hill giant
 11288 | D:10     | Killed a hill giant
 11288 | D:10     | Reached skill level 1 in Armour
 11288 | D:10     | Reached skill level 10 in Spellcasting
 11492 | D:10     | Noticed Psyche
 11502 | D:10     | Killed Psyche
 11944 | D:11     | Got a warped battleaxe
 11980 | D:11     | Identified the battleaxe of Midnight {venom, +Inv Int+1} (You found it on level 11 of the Dungeon)
 12108 | D:11     | Found an iron altar of Okawaru.
 12170 | D:11     | Found a staircase to the Lair.
 12293 | Lair:1   | Entered Level 1 of the Lair of Beasts
 12293 | Lair:1   | Found a labyrinth entrance.
 12466 | Lab      | Entered a labyrinth
 12839 | Lab      | Learned a level 4 spell: Dig
 13525 | Lab      | Gained mutation: You are weak. (Str -2) [mutagenic glow]
 13918 | Lab      | Noticed a minotaur
 13923 | Lab      | Killed a minotaur
 13923 | Lab      | Reached XP level 11. HP: 31/54 MP: 21/31
 13974 | Lab      | Got a slimy bow
 14016 | Lair:1   | Learned a level 1 spell: Animate Skeleton
 14437 | Lair:1   | Reached skill level 1 in Evocations
 14962 | Lair:2   | Noticed Nergalle
 15116 | Lair:1   | Killed Nergalle
 15566 | Lair:2   | Found a dark tunnel.
 15605 | Volcano  | Entered a volcano
 16493 | Volcano  | Reached skill level 10 in Stealth
 16976 | Lair:2   | Reached skill level 11 in Conjurations
 17209 | Lair:2   | Got a jewelled leather armour
 17498 | Lair:1   | Identified the cursed +3 leather armour of Ydirixzo {rF+} (You found it on level 2 of the Lair of Beasts)
 17582 | Lair:1   | Lost mutation: You are weak. (Str -2) [potion of cure mutation]
 17582 | Lair:1   | Lost mutation: You have a pair of horns on your head. [potion of cure mutation]
 17582 | Lair:1   | Lost mutation: You have a pair of small horns on your head. [potion of cure mutation]
 17913 | Lair:2   | Noticed a seven-headed hydra
 17922 | Lair:2   | Killed an eight-headed hydra
 18097 | Lair:3   | Received a gift from Kikubaaqudgha
 18100 | Lair:3   | Identified Kikubaaqudgha's Catalogue of Stolen Souls (Kikubaaqudgha gifted it to you on level 3 of the Lair of Beasts)
 18338 | Lair:3   | Reached XP level 12. HP: 59/59 MP: 18/33
 18341 | Lair:3   | Reached skill level 5 in Evocations
 18345 | Lair:3   | Found a hole to the Spider Nest.
 18620 | Lair:3   | Noticed a four-headed hydra
 18642 | Lair:3   | Killed a four-headed hydra
 19060 | Lair:3   | Found a staircase to the Swamp.
 19281 | Lair:4   | Noticed Rupert
 19285 | Lair:4   | Paralysed by Rupert for 5 turns
 19297 | Lair:4   | HP: 1/59 [Rupert/glowing battleaxe (23)]
 19303 | Lair:4   | Slain by Rupert

Action                   |  1- 3 |  4- 6 |  7- 9 | 10-12 || total
-------------------------+-------+-------+-------+-------++-------
Melee: Unarmed           |     1 |       |       |       ||     1
       Mace              |     2 |       |   165 |     4 ||   171
       Battleaxe         |       |       |       |    44 ||    44
       Morningstar       |       |       |       |     1 ||     1
       Staff             |       |       |       |     1 ||     1
Throw: Dagger            |       |       |     2 |       ||     2
       Spear             |       |       |     1 |       ||     1
       Dart              |       |       |       |    17 ||    17
 Cast: Flame Tongue      |    71 |   100 |   141 |   274 ||   586
       Conjure Flame     |     2 |    18 |    48 |    84 ||   152
       Throw Flame       |       |    24 |   131 |   223 ||   378
       Sticky Flame      |       |     3 |     7 |    31 ||    41
       Fireball          |       |       |    13 |    22 ||    35
       Dig               |       |       |       |     5 ||     5
       Regeneration      |       |       |       |     3 ||     3
       Animate Skeleton  |       |       |       |     3 ||     3
Invok: Receive Corpses   |       |       |       |     4 ||     4
 Abil: Evoke Invisibilit |       |       |       |    15 ||    15
Evoke: Wand              |       |       |     2 |     5 ||     7
       Miscellaneous     |       |       |       |     1 ||     1
  Use: Scroll            |       |     6 |     8 |    19 ||    33
       Potion            |       |       |     3 |     9 ||    12
 Stab: Invisible         |       |       |       |     1 ||     1
